 Dungeon Crawl Stone Soup version 0.31-a0-188-g5e087ee2ca (webtiles) character file.

Game seed: 5733015069532966275

28 qw the Shooter (level 3, -5/20 HPs)
             Began as a Deep Elf Hunter on June 23, 2023.
             Killed by divine providence
             ... invoked by an orc priest
              (8 damage)
             ... on level 2 of the Dungeon.
             The game lasted 00:00:18 (955 turns).

qw the Shooter (Deep Elf Hunter)                     Turns: 955, Time: 00:00:18

Health: -5/20      AC:  3    Str: 10    XL:     3   Next: 0%
Magic:  5/5        EV: 12    Int: 13    God:
Gold:   62         SH:  0    Dex: 18    Spells: 2/2 levels left

rFire   . . .        Y - +0 shortbow
rCold   . . .        (shield currently unavailable)
rNeg    . . .        c - +0 leather armour
rPois   .            (no helmet)
rElec   .            (no cloak)
rCorr   .            (no gloves)
SInv    .            (no boots)
Will    .....        (no amulet)
Stlth   ++           (no ring)
HPRegen 0.23/turn    (no ring)
MPRegen 0.09/turn

%: no passive effects
@: no status effects
A: no striking features
a: no special abilities


You were on level 2 of the Dungeon.
You visited 1 branch of the dungeon, and saw 2 of its levels.

You collected 62 gold pieces.


   Skills:
 - Level 1.5 Fighting
 + Level 6.6 Ranged Weapons
 - Level 2.4 Dodging
 - Level 1.2 Stealth


You had 2 spell levels left.
You didn't know any spells.
Your spell library was empty.

Inventory:

Hand Weapons
 Y - a +0 shortbow (weapon)
Armour
 c - a +0 leather armour (worn)
Scrolls
 j - a scroll of teleportation
Potions
 g - a potion of magic {unknown}
 m - a potion of heal wounds {unknown}

Dungeon Overview and Level Annotations

Branches:
Dungeon (2/15)

Altars:


Message History

Done exploring.
932 ||| DROPPING scroll of revelation.
You drop a scroll of revelation.
Done exploring.
(D) Dungeon
Where to? (* - list waypoints, ? - help)
What level of the Dungeon? (default 1, ? - help)
There is a stone staircase leading down here.
You climb downwards.
The orc wizard shouts!
The orc priest shouts!
The kobold shouts!
The orc priest shouts!
The orc shouts!
Found 15 gold pieces and a gilded ring.
Found a stone staircase leading up.
There is a stone staircase leading up here.
There are monsters nearby!
Waypoint 1 assigned to D:2.
You shoot an arrow. The arrow hits the kobold.
You kill the kobold!
You have reached level 3!
Your experience leads to an increase in your attributes!
Increase (S)trength, (I)ntelligence, or (D)exterity?
You feel stronger. x2
You shoot an arrow.
The arrow hits the orc wizard but does no damage.
You shoot an arrow.
The arrow completely misses the orc wizard.
The arrow barely misses the orc priest.
The arrow hits the orc.
The orc is lightly wounded.
The orc priest hits you but does no damage.
The orc wizard gestures at you while chanting.
You resist with some effort.
You shoot an arrow. The arrow hits the orc wizard!
The orc wizard is severely wounded.
The orc priest mumbles some strange prayers to Beogh against you.
Beogh smites you!
Ouch! That really hurt!
The orc wizard hits you but does no damage.
The orc priest hits you with a +0 club.
955 ||| STAIRDANCE The orc wizard hits you with a +0 dagger.
The orc priest invokes the aid of Beogh against you.
Beogh smites you!
You die...

#######
..#.....##
........$##
......o@..#
.<....oo).#
........o.#
..........#
=.........#
.........##
..#.....##
#########


You could see 2 orc priests, an orc wizard and an orc.

Vanquished Creatures
  A dart slug (D:1)
  3 ball pythons (D:1)
  2 endoplasms (D:1)
  A giant cockroach (D:1)
  2 goblins (D:1)
  A hobgoblin (D:1)
  2 jackals (D:1)
  2 quokkas (D:1)
  A bat (D:1)
  2 frilled lizards (D:1)
  6 kobolds
  A rat (D:1)
24 creatures vanquished.

Notes
Turn   | Place    | Note
-------+----------+-------------------------------------------
     0 | D:1      | qw the Deep Elf Hunter began the quest for the Orb.
     0 | D:1      | Reached XP level 1. HP: 12/12 MP: 3/3
     0 | D:1      | 0 ||| qw: Version: 0.3-a-9-g12657ce
     0 | D:1      | 0 ||| qw: Game counter: 3175
     0 | D:1      | 0 ||| qw: Always use a shield: true
     0 | D:1      | 0 ||| qw: God list: Okawaru
     0 | D:1      | 0 ||| qw: Allow faded altars: false
     0 | D:1      | 0 ||| qw: Do Orc after D:15 true
     0 | D:1      | 0 ||| qw: Do second Lair branch before Depths: true
     0 | D:1      | 0 ||| qw: Lair rune preference: random
     0 | D:1      | 0 ||| qw: Plans: Normal
     0 | D:1      | 0 ||| PLANNING D:1-11
   194 | D:1      | Reached XP level 2. HP: 16/16 MP: 4/4
   216 | D:1      | Reached skill level 6 in Ranged Weapons
   890 | D:1      | 890 ||| READING scroll labelled CADALUVEAQ.
   920 | D:1      | 920 ||| READING scroll labelled JEWOSO DU QUUM.
   921 | D:1      | 921 ||| READING 2 scrolls labelled ARARADEEWNU.
   922 | D:1      | 922 ||| READING scroll labelled TINWIE SONIS.
   923 | D:1      | 923 ||| READING scroll labelled XILEXKAFOQ.
   924 | D:1      | 924 ||| READING 2 scrolls labelled JOSOBL BAUCO.
   929 | D:1      | 929 ||| READING scroll labelled LITURCH EPHARE.
   930 | D:1      | 930 ||| READING scroll labelled TIONOH IDIO.
   931 | D:1      | 931 ||| DROPPING scroll of butterflies.
   932 | D:1      | 932 ||| DROPPING scroll of revelation.
   952 | D:2      | Reached XP level 3. HP: 20/20 MP: 5/5
   954 | D:2      | HP: 5/20 [orc priest/divine providence (15)]
   955 | D:2      | 955 ||| STAIRDANCE
   955 | D:2      | Killed from afar by an orc priest

Levels and vault maps discovered:
D:1:      saegor_arrival_fortress, layout_basic, nrook_uturn,
          roderic_serpentine_path
D:2:      layout_rooms, serial_shops, nicolae_shop_statue_plus,
          dk_noncrumbling_3, minmay_between, uniq_robin

Skill      XL: |  1  2 |
---------------+-------+-----
Ranged Weapons | 6 |  6.6
Fighting       | |  1.5
Dodging        | |  2.4
Stealth        | |  1.2

Action                     || total
---------------------------++-------
   Fire: Shortbow          ||    56
    Use: Scroll            ||     8
 Armour: Leather armour    ||     3
  Dodge: Dodged            ||     2

Table legend:
 A = Non-vault XP
 B = Vault XP
 C = Vault XP percentage of total XP
 D = Non-vault monster count
 E = Vault monster count
 F = Vault count percentage of total count
                 A         B        C        D         E       F
            +---------+---------+-------+---------+---------+-------
      Total |      41 |       0 |   0.0 |      24 |       0 |   0.0
            +---------+---------+-------+---------+---------+-------
        D:1 |      40 |       0 |   0.0 |      23 |       0 |   0.0
        D:2 |       1 |       0 |   0.0 |       1 |       0 |   0.0
            +---------+---------+-------+---------+---------+-------
